[Event "Team 45 45 League T60"]
[Site "Internet Chess Club"]
[Date "2014.03.21"]
[Round "4"]
[White "tsia68"]
[Black "Manas"]
[Result "1/2-1/2"]
[WhiteElo "1813"]
[BlackElo "1725"]
[Opening "English: Caro-Kann defensive system"]
[ECO "A12"]
[Time "16:02:12"]
[TimeControl "2700+45"]

1. Nf3 d5 2. c4 c6 3. b3 Bf5 4. g3 dxc4 5. bxc4 e5 6. Bb2 f6 7. Bg2 Qb6 8. Qb3
Bc5 9. O-O Nh6 10. h3 Nd7 11. d3 O-O 12. Nc3 Qc7 13. Na4 Rad8 14. e3 e4 15. Nh4
exd3 16. Nxf5 Nxf5 17. Qxd3 Nb6 18. Qxf5 Nxa4 19. Bc1 Qf7 20. Rb1 Rd7 21. Re1
Nc3 22. Rb3 Na4 23. Qc2 Nb6 24. Be4 g6 25. Bd3 Rfd8 26. Bf1 Qe7 27. Rd3 Rxd3 28.
Bxd3 Qe6 29. Kg2 Nd7 30. Bb2 Ne5 31. Bxe5 Qxe5 32. Rb1 b6 33. Rd1 f5 34. Be2
Rxd1 35. Bxd1 Bb4 36. Qd3 Qd6 {Game drawn by mutual agreement} 1/2-1/2

[Event "Team 45 45 League T60"]
[Site "Internet Chess Club"]
[Date "2014.03.22"]
[Round "4"]
[White "WillC"]
[Black "Duguesclin"]
[Result "1-0"]
[WhiteElo "1698"]
[BlackElo "1639"]
[Opening "Réti: Nimzovich-Larsen attack"]
[ECO "A06"]
[Time "15:02:21"]
[TimeControl "2700+45"]

1. Nf3 d5 2. b3 c5 3. e3 Nc6 4. Bb2 Bf5 5. Be2 e6 6. O-O Nf6 7. d4 Be7 8. Nbd2
O-O 9. a3 Qc7 10. Rc1 cxd4 11. Nxd4 Nxd4 12. Bxd4 Bxa3 13. Ra1 Be7 14. c4 b6 15.
Nf3 Rfd8 16. Qc1 Qb7 17. Qb2 Rac8 18. c5 a5 19. Nh4 bxc5 20. Nxf5 cxd4 21. Ba6
Qxa6 22. Nxe7+ Kf8 23. Nxc8 Rxc8 24. Qxd4 Qb5 25. Qa4 Rb8 26. Qxb5 Rxb5 27. f3
e5 28. Kf2 Ke7 29. Rfc1 Nd7 30. Rc7 Kd6 31. Ra7 Nc5 32. R1xa5 Rxa5 33. Rxa5 Nxb3
34. Ra6+ Ke7 35. g4 d4 36. exd4 exd4 37. Ke2 d3+ 38. Kd1 Nd4 39. f4 g6 40. h3
Ne2 41. f5 gxf5 42. gxf5 f6 43. Kd2 Nf4 44. h4 h5 45. Ra4 Nd5 46. Kxd3 Kd6 47.
Kd4 Nf4 48. Ra6+ Ke7 49. Ra7+ Kd6 50. Rh7 Kc6 51. Ke4 Ne2 52. Rh6 Nc3+ 53. Kf3
Kd5 54. Rxh5 Ke5 55. Kg4 Nd5 56. Rh8 Ne3+ 57. Kf3 Nxf5 58. Re8+ Kd6 59. h5 Ng7
60. h6 Nxe8 61. h7 Ke5 62. h8=Q Nd6 63. Qh5+ f5 64. Qh8+ Ke6 65. Kf4 Kd7 66.
Qh7+ {Black forfeits on time} 1-0